 Dungeon Crawl Stone Soup version 0.25-a0-306-g3faca94807 (webtiles) character file.

Game seed: 7220398410561195541, levelgen mode: deterministic

2 Redear the Skirmisher (level 1, -1/18 HPs)
             Began as a Mummy Monk on Dec 21, 2019.
             Slain by a hobgoblin (3 damage)
             ... on level 1 of the Dungeon.
             The game lasted 00:00:09 (178 turns).

Redear the Skirmisher (Mummy Monk)                   Turns: 178, Time: 00:00:10

Health: -1/18      AC:  0    Str: 14    XL:     1   Next: 33%
Magic:  1/1        EV: 13    Int:  9    God:
Gold:   13         SH:  0    Dex: 14    Spells: 0/0 levels left

rFire    x . .     SeeInvis .     - Unarmed
rCold    + . .     Gourm    .   (no shield)
rNeg     + + +     Faith    .   (no armour)
rPois    ∞         Spirit   .   (no helmet)
rElec    .         Reflect  .   (no cloak)
rCorr    .         Harm     .   (no gloves)
MR       .....                  (no boots)
Stlth    ++........             (no amulet)
HPRegen  0.06/turn              (no ring)
MPRegen  0.07/turn              (no ring)

@: no status effects
A: no food or potions, fire vulnerability, cold resistance 1, negative energy
resistance 3, torment resistance, unbreathing
a: no special abilities


You were on level 1 of the Dungeon.
You were not hungry.

You visited 1 branch of the dungeon, and saw 1 of its levels.

You collected 13 gold pieces.

You aren't carrying anything.


   Skills:
 + Level 3.0 Fighting
 + Level 2.4 Dodging
 - Level 1.5 Stealth
 + Level 2.4 Unarmed Combat


You couldn't memorise any spells.
You didn't know any spells.
Your spell library was empty.

Dungeon Overview and Level Annotations

Branches:
Dungeon (1/15)

Altars:


Innate Abilities, Weirdness & Mutations

You do not eat or drink.
Your flesh is vulnerable to fire.
You are immune to poison.
Your flesh is cold resistant. (rC+)
You are immune to negative energy. (rN+++)
You are immune to unholy pain and torment.
You can survive without breathing.


Message History

You are too injured to fight recklessly!
You are too injured to fight recklessly!
You are too injured to fight recklessly!
You are too injured to fight recklessly!
You are too injured to fight recklessly!
You are too injured to fight recklessly!
You are too injured to fight recklessly!
You are too injured to fight recklessly!
You are too injured to fight recklessly!
You closely miss the leopard gecko. The leopard gecko misses you.
You closely miss the leopard gecko. The hobgoblin misses you.
The leopard gecko bites you.
* * * LOW HITPOINT WARNING * * *
You hit the leopard gecko.
The leopard gecko is moderately wounded.
The leopard gecko closely misses you. The hobgoblin closely misses you.
You barely miss the leopard gecko.
The leopard gecko is moderately wounded.
The leopard gecko closely misses you. The hobgoblin hits you.
You die...

.#..####...#
.#....†....##########
.#..####............##
.#.## #.............##
...# ##..............#
.#.#..................#
.###.♣.♣.♣.♣..........#
.# ..................#
.# ##♣#♣.♣.♣...g@.....#
## #........l....##
.............##
......P.P######
.......♣.P .#...♣♣♣.
##P♣ ##


You could see a leopard gecko and a hobgoblin.

Vanquished Creatures
  A giant cockroach (D:1)
  A frilled lizard (D:1)
  A kobold (D:1)
3 creatures vanquished.

Notes
Turn   | Place    | Note
-------+----------+-------------------------------------------
     0 | D:1      | Redear the Mummy Monk began the quest for the Orb.
     0 | D:1      | Reached XP level 1. HP: 18/18 MP: 1/1
   178 | D:1      | Slain by a hobgoblin

Levels and vault maps discovered:
D:1:      matt_arrival_refuge, layout_rooms, serial_forest,
          infiniplex_forest_clump_small, infiniplex_forest_straight_3,
          infiniplex_forest_lined_room_3, infiniplex_forest_lined_2,
          infiniplex_forest_clump_small, infiniplex_forest_clump_small,
          infiniplex_forest_clump_long, corexii_item_surrounded_by_moat,
          minmay_tetromino_t4

Action                   || total
-------------------------++-------
Melee: Unarmed           ||    17
Dodge: Dodged            ||    15

Table legend:
 A = Non-vault XP
 B = Vault XP
 C = Vault XP percentage of total XP
 D = Non-vault monster count
 E = Vault monster count
 F = Vault count percentage of total count
                 A         B        C        D         E       F
            +---------+---------+-------+---------+---------+-------
      Total |       4 |       0 |   0.0 |       3 |       0 |   0.0
            +---------+---------+-------+---------+---------+-------
        D:1 |       4 |       0 |   0.0 |       3 |       0 |   0.0
            +---------+---------+-------+---------+---------+-------
